 Dungeon Sprint DCSS version 0.27-a0-13-g87abb2d9eb (webtiles) character file.

Game seed: 12535311370520240270

111 reriks the Skirmisher (level 4, -3/45 HPs)
             Began as a Draconian Berserker on Jan 3, 2021.
             Was a Priest of Trog.
             Slain by an earth elemental (13 damage)
             ... summoned by a deep elf mage
             ... in the Dungeon (Sprint III: "The Ten Rune Challenge").
             The game lasted 00:01:19 (593 turns).

reriks the Skirmisher (Draconian Berserker)          Turns: 593, Time: 00:01:20

Health: -3/45      AC:  6    Str: 21    XL:     4   Next: 62%
Magic:  4/4        EV: 14    Int:  5    God:    Trog [***...]
Gold:   14         SH:  0    Dex:  8    Spells: 3/3 levels left

rFire    . . .     SeeInvis .   a - +0 hand axe
rCold    + . .     Faith    .   (no shield)
rNeg     . . .     Spirit   .   (armour unavailable)
rPois    .         Reflect  .   (helmet restricted)
rElec    .         Harm     .   i - +0 cloak
rCorr    .         Rampage  .   (no gloves)
Will     .....     NoTele   +   (no boots)
Stlth    +.........             (no amulet)
HPRegen  0.00/turn              (no ring)
MPRegen  0.09/turn              (no ring)

@: berserk cooldown, slowed, very slow
A: unfitting armour, big wings, blink, clumsy 1, cold resistance 1, dopey 1,
inhibited regeneration, cold-blooded, AC +5
a: Fly, Blink, Renounce Religion, Berserk, Trog's Hand


You were in the Dungeon.
You worshipped Trog.
Trog was most pleased with you.
You visited 1 branch You collected 14 gold pieces.

Inventory:

Hand Weapons
 a - a +0 hand axe (weapon)
Armour
 i - a +0 cloak (worn)
Scrolls
 g - a scroll of blinking
 h - a scroll of immolation
 o - a scroll of remove curse
Potions
 b - a potion of curing
 c - 2 potions of heal wounds
 d - a potion of haste
 e - 2 potions of magic
 f - a potion of berserk rage
 m - 4 potions of flight


   Skills:
 + Level 6.7 Fighting
 + Level 6.1 Axes
 + Level 5.5 Dodging


You had 3 spell levels left.
You didn't know any spells.
Your spell library was empty.

Dungeon Overview and Level Annotations

Branches:
Dungeon (1/1)

Altars:
Elyvilon
Zin
The Shining One


Innate Abilities, Weirdness & Mutations

Your plain brown scales are hard. (AC +5)
You cannot fit into any form of body armour.
You are cold-blooded and may be slowed by cold attacks.
Your large and strong wings let you fly indefinitely.
You can translocate small distances at will.
You are clumsy. (Dex -2)
Your flesh is cold resistant. (rC+)
You are dopey. (Int -2)
You do not regenerate when monsters are visible.


Message History

The deep elf mage is heavily wounded.
You hit the earth elemental but do no damage.
The deep elf mage misses you. The earth elemental barely misses you.
The deep elf mage casts a spell at you. The stone arrow hits you!!
You hit the deep elf mage.
The deep elf mage is heavily wounded.
You hit the earth elemental but do no damage.
The deep elf mage hits you with a +1 long sword of holy wrath.
The earth elemental barely misses you.
You slash the deep elf mage!
The deep elf mage is severely wounded.
You hit the earth elemental.
The deep elf mage mumbles some strange words.
The deep elf mage blinks!
The earth elemental hits you!
* * * LOW HITPOINT WARNING * * *
You hit the earth elemental but do no damage. x2
The deep elf mage gestures wildly while chanting.
The earth elemental hits you!
You die...

▓▓▓▓ ▓▓▓ ...####
##.#####
......#####..#___#
...†...#..#..#.EE#
#.##...#..#..###@#+###+#
#.###..##'#..#..........
##.##..###...'.⌠..eE....
..##.†####...#..E######+
..##..###....#.⌠.#
.##...##.....#...#
##....#.)....#+###
##..##.#.....# #..
####....#


You could see 4 earth elementals and a deep elf mage.

Vanquished Creatures
  A water elemental (D)
  Crazy Yiuf (D)
  A human (D)
  An ooze (D)
  3 rats (D)
7 creatures vanquished.

Notes
Turn   | Place    | Note
-------+----------+-------------------------------------------
     0 | D        | reriks the Draconian Berserker began the quest for the Orb.
     0 | D        | Reached XP level 1. HP: 19/19 MP: 1/1
    51 | D        | Reached ** piety under Trog
    89 | D        | Noticed Crazy Yiuf
    93 | D        | Killed Crazy Yiuf
    94 | D        | Reached skill level 5 in Fighting
    94 | D        | Reached XP level 2. HP: 29/29 MP: 2/2
    94 | D        | Reached XP level 3. HP: 36/36 MP: 3/3
   100 | D        | Reached skill level 5 in Axes
   412 | D        | Gained mutation: You do not regenerate when monsters are
                  | visible. [potion of mutation]
   412 | D        | Gained mutation: You have large cloven feet. [potion of
                  | mutation]
   412 | D        | Gained mutation: You are robust. (+10% HP) [potion of
                  | mutation]
   412 | D        | Gained mutation: Your muscles are strong. (Str +2) [potion
                  | of mutation]
   413 | D        | Lost mutation: You are robust. (+10% HP) [potion of
                  | mutation]
   413 | D        | Lost mutation: Your muscles are strong. (Str +2) [potion of
                  | mutation]
   413 | D        | Gained mutation: You evolve. [potion of mutation]
   413 | D        | Gained mutation: Your spells are a little easier to cast,
                  | but a little less powerful. [potion of mutation]
   413 | D        | Gained mutation: Your muscles are strong. (Str +2) [potion
                  | of mutation]
   414 | D        | Lost mutation: You have large cloven feet. [potion of
                  | mutation]
   414 | D        | Lost mutation: You evolve. [potion of mutation]
   414 | D        | Lost mutation: Your muscles are strong. (Str +2) [potion of
                  | mutation]
   414 | D        | Gained mutation: Your tail ends in a poisonous barb.
                  | [potion of mutation]
   414 | D        | Gained mutation: Your tail ends in a sharp poisonous barb.
                  | [potion of mutation]
   414 | D        | Gained mutation: You are strong-willed. (Will+) [potion of
                  | mutation]
   415 | D        | Lost mutation: Your spells are a little easier to cast, but
                  | a little less powerful. [potion of mutation]
   415 | D        | Lost mutation: You are strong-willed. (Will+) [potion of
                  | mutation]
   415 | D        | Gained mutation: Your flesh is cold resistant. (rC+)
                  | [potion of mutation]
   415 | D        | Gained mutation: Your large and strong wings let you fly
                  | indefinitely. [potion of mutation]
   416 | D        | Lost mutation: Your tail ends in a sharp poisonous barb.
                  | [potion of mutation]
   416 | D        | Lost mutation: Your tail ends in a poisonous barb. [potion
                  | of mutation]
   416 | D        | Gained mutation: You are clumsy. (Dex -2) [potion of
                  | mutation]
   416 | D        | Gained mutation: You are dopey. (Int -2) [potion of
                  | mutation]
   416 | D        | Gained mutation: You can translocate small distances at
                  | will. [potion of mutation]
   419 | D        | Noticed a water elemental
   423 | D        | Killed a water elemental
   423 | D        | Reached *** piety under Trog
   424 | D        | Reached skill level 5 in Dodging
   424 | D        | Reached XP level 4. HP: 31/45 MP: 4/4
   576 | D        | Found a glowing silver altar of Zin.
   576 | D        | Found a glowing golden altar of the Shining One.
   576 | D        | Found a white marble altar of Elyvilon.
   577 | D        | Noticed a deep elf mage
   583 | D        | Noticed an earth elemental
   583 | D        | Noticed an earth elemental
   593 | D        | Slain by an earth elemental

Illustrated notes

Levels and vault maps discovered:
D:        dungeon_sprint_mu [sprint_mu_entry_cave, sprint_mu_temple_rooms,
          sprint_mu_d1_horrors, sprint_mu_d2_genie, sprint_mu_d3_branching,
          sprint_mu_orc_legion, sprint_mu_elf_gauntlet, sprint_mu_hive_nellie,
          sprint_mu_lair_fedhas, sprint_mu_vaults_butterflies,
          sprint_mu_slime_circle, sprint_mu_shoals_kraken,
          sprint_mu_snake_twists, sprint_mu_blade_basic,
          sprint_mu_crypt_chambers, sprint_mu_tomb_spiral,
          sprint_mu_vestibule_basic, sprint_mu_gehenna_hellfire,
          sprint_mu_dis_giant, sprint_mu_tartarus_statrot,
          sprint_mu_cocytus_islands, sprint_mu_zot1]

Skill      XL: |  1  2  3 |
---------------+----------+-----
Fighting       | 5 6 |  6.7
Dodging        | 4 5 |  5.5
Axes           | 4 6 |  6.1

Action                   |  1- 3 |  4- 6 || total
-------------------------+-------+-------++-------
Melee: Hand axe          |    20 |    15 ||    35
       Tailslap          |     7 |     3 ||    10
Invok: Berserk           |     2 |     1 ||     3
  Use: Scroll            |     5 |       ||     5
       Potion            |     5 |       ||     5
 Stab: Sleeping          |     1 |       ||     1
Armor: Skin              |     1 |       ||     1
Dodge: Dodged            |     8 |     6 ||    14

Table legend: (Time is in decaauts)
 A = Elapsed time spent in this place.
 B = Non-inter-level travel time spent in this place.
 C = Inter-level travel time spent in this place.
 D = Time resting spent in this place.
 E = Time spent auto-exploring this place.
 F = Levels seen in this place.
 G = Mean time per level.
                   A        B        C        D        E       F      G
               +--------+--------+--------+--------+--------+-----+--------+
         Total |    611 |    611 |      0 |    453 |     71 |   1 |  611.0 |
       Dungeon |    611 |    611 |      0 |    453 |     71 |   1 |  611.0 |
               +--------+--------+--------+--------+--------+-----+--------+

Top non-repeatable levels by time:
       D: 611 daAuts
